[ AOE2 MATCH · #479033057 ]
UnrankedMongols vs Byzantines
[ REPLAY ANALYSIS · EXTRACTED FROM THE RECORDED GAME ]
Feudal
12:05
Castle
20:18
Imperial
34:51
| APM avg | 17.3 |
| APM peak | 41 |
| eAPM avg | 11.1 |
| Villagers / military | 126 / 141 |
Focus
⚔️ 37.8% · 🌾 62.2%
Mangudai ×96 · Steppe Lancer ×29 · Trade Cart ×12 · Trebuchet (Packed) ×12 · Mangonel ×4
Feudal
—
Castle
—
Imperial
—
| APM avg | 46.5 |
| APM peak | 110 |
| eAPM avg | 16.2 |
| Villagers / military | 171 / 240 |
Focus
⚔️ 30.4% · 🌾 69.6%
Camel Archer ×192 · Monk ×42 · Battering Ram ×6
Feudal
12:51
Castle
19:08
Imperial
36:36
| APM avg | 24.8 |
| APM peak | 68 |
| eAPM avg | 19.2 |
| Villagers / military | 147 / 485 |
Focus
⚔️ 56.0% · 🌾 44.0%
Militia ×244 · Spearman ×214 · Battering Ram ×23 · Trade Cart ×20 · Mangonel ×2 · Trebuchet (Packed) ×2
Feudal
10:15
Castle
16:07
Imperial
36:11
| APM avg | 38.5 |
| APM peak | 91 |
| eAPM avg | 17.3 |
| Villagers / military | 149 / 288 |
Focus
⚔️ 20.4% · 🌾 79.6%
Ballista Elephant ×211 · Battle Elephant ×77 · Trade Cart ×38
Feudal
12:13
Castle
16:33
Imperial
34:35
| APM avg | 33.2 |
| APM peak | 106 |
| eAPM avg | 18.7 |
| Villagers / military | 150 / 242 |
Focus
⚔️ 21.5% · 🌾 78.5%
Janissary ×193 · Camel Scout ×42 · Trade Cart ×11 · Spearman ×7
Feudal
13:13
Castle
18:06
Imperial
39:26
| APM avg | 10.0 |
| APM peak | 23 |
| eAPM avg | 8.8 |
| Villagers / military | 125 / 153 |
Focus
⚔️ 23.8% · 🌾 76.2%
War Wagon ×114 · Trade Cart ×17 · Scout Cavalry ×12 · Spearman ×11 · Iron Pagoda ×9 · Battering Ram ×4
Feudal
13:43
Castle
17:18
Imperial
29:18
| APM avg | 23.3 |
| APM peak | 64 |
| eAPM avg | 14.0 |
| Villagers / military | 134 / 117 |
Focus
⚔️ 31.5% · 🌾 68.5%
Bombard Cannon ×67 · Janissary ×29 · Scout Cavalry ×21 · Trade Cart ×15
Feudal
10:26
Castle
18:56
Imperial
34:45
| APM avg | 35.0 |
| APM peak | 80 |
| eAPM avg | 19.4 |
| Villagers / military | 115 / 351 |
Focus
⚔️ 42.4% · 🌾 57.6%
Ghulam ×304 · Trade Cart ×44 · Hand Cannoneer ×44 · Spearman ×3
Match map
Initial resources + every placement click. Lines = walls · curves = elevation contours. ◆ gold · ⬟ stone · ● berries · ✦ relic · ◌ wall gap
Your base· ✓ Closed at 20:18 · 26t walls · 1 gate(s)
COBR3LOA#4566's base· Open — unwalled flank
Optikor's base· Open — unwalled flank
Milton Caskito's base· ✓ Closed at 16:07 · 0t walls · no gate
Tatu シ☆'s base· Open — unwalled flank
Dashayu707's base· ✓ Closed at 18:06 · 0t walls · no gate
Hessu's base· Open — unwalled flank
Dukka's base· Open — unwalled flank
Smoothed initial terrain · ◌ = detected wall gap · hover for details
Inputs per minute
— maurodcdc89 - - COBR3LOA#4566
Build order — maurodcdc89
First 150 of 395 actions detected
| 0:05 | Build | House |
| 0:08 | Build | House |
| 0:09 | Create | Villager (Male) |
| 0:09 | Create | Villager (Male) |
| 0:09 | Create | Villager (Male) |
| 0:10 | Create | Villager (Male) |
| 0:10 | Create | Villager (Male) |
| 1:43 | Create | Villager (Male) |
| 1:43 | Create | Villager (Male) |
| 2:18 | Create | Villager (Male) |
| 2:19 | Create | Villager (Male) |
| 2:19 | Create | Villager (Male) |
| 2:20 | Create | Villager (Male) |
| 2:23 | Create | Villager (Male) |
| 2:59 | Create | Villager (Male) |
| 3:29 | Create | Villager (Male) |
| 3:53 | Create | Villager (Male) |
| 3:53 | Create | Villager (Male) |
| 3:54 | Create | Villager (Male) |
| 4:03 | Build | House |
| 4:04 | Build | House |
| 4:19 | Create | Villager (Male) |
| 4:20 | Create | Villager (Male) |
| 4:55 | Create | Villager (Male) |
| 5:04 | Create | Villager (Male) |
| 5:05 | Create | Villager (Male) |
| 5:09 | Build | House |
| 5:41 | Build | Lumber Camp |
| 6:50 | Create | Villager (Male) |
| 7:02 | Create | Villager (Male) |
| 7:02 | Create | Villager (Male) |
| 7:03 | Create | Villager (Male) |
| 7:03 | Create | Villager (Male) |
| 8:29 | Create | Villager (Male) |
| 8:29 | Create | Villager (Male) |
| 8:55 | Build | Mill |
| 9:55 | Research | Feudal Age |
| 10:00 | Build | House |
| 10:01 | Build | House |
| 10:02 | Build | House |
| 10:14 | Build | Barracks |
| 11:11 | Create | Villager (Male) |
| 11:11 | Create | Villager (Male) |
| 11:12 | Create | Villager (Male) |
| 12:04 | Build | Mining Camp |
| 12:05 | Age | Feudal Age |
| 12:06 | Create | Villager (Male) |
| 12:06 | Create | Villager (Male) |
| 12:07 | Create | Villager (Male) |
| 12:47 | Build | Stable |
| 13:02 | Build | Blacksmith |
| 13:05 | Create | Villager (Male) |
| 13:05 | Create | Villager (Male) |
| 13:08 | Build | Farm |
| 13:09 | Build | Farm |
| 13:11 | Create | Villager (Male) |
| 13:11 | Create | Villager (Male) |
| 14:17 | Build | Mining Camp |
| 14:31 | Create | Villager (Male) |
| 14:31 | Create | Villager (Male) |
| 14:58 | Create | Villager (Male) |
| 15:05 | Build | Farm |
| 16:09 | Build | Stone Wall |
| 16:30 | Create | Villager (Male) |
| 16:31 | Create | Villager (Male) |
| 17:38 | Research | Castle Age |
| 17:41 | Build | Outpost |
| 17:41 | Build | Outpost |
| 17:50 | Build | Farm |
| 17:51 | Build | Farm |
| 18:03 | Build | Farm |
| 18:04 | Build | Farm |
| 18:05 | Build | Farm |
| 18:06 | Build | Farm |
| 18:09 | Research | Horse Collar |
| 18:52 | Create | Villager (Male) |
| 18:52 | Create | Villager (Male) |
| 18:53 | Create | Villager (Male) |
| 19:04 | Build | Farm |
| 19:05 | Build | Farm |
| 19:10 | Build | Farm |
| 19:11 | Build | Farm |
| 19:16 | Build | Farm |
| 19:17 | Build | Farm |
| 19:18 | Build | Farm |
| 19:52 | Build | Gate |
| 20:18 | Age | Castle Age |
| 20:28 | Create | Steppe Lancer |
| 20:28 | Create | Steppe Lancer |
| 20:28 | Create | Steppe Lancer |
| 20:29 | Create | Steppe Lancer |
| 21:02 | Create | Steppe Lancer |
| 21:06 | Create | Villager (Male) |
| 21:06 | Create | Villager (Male) |
| 21:08 | Build | Farm |
| 21:29 | Create | Steppe Lancer |
| 21:41 | Build | Farm |
| 21:43 | Build | Farm |
| 21:47 | Build | House |
| 21:48 | Build | House |
| 21:48 | Build | House |
| 23:23 | Build | Stone Wall |
| 23:54 | Create | Villager (Male) |
| 23:54 | Create | Villager (Male) |
| 23:54 | Create | Villager (Male) |
| 23:55 | Create | Villager (Male) |
| 24:00 | Build | Town Center |
| 24:03 | Create | Villager (Male) |
| 24:03 | Create | Villager (Male) |
| 24:03 | Create | Villager (Male) |
| 24:03 | Create | Villager (Male) |
| 24:28 | Create | Villager (Male) |
| 24:34 | Build | Farm |
| 24:37 | Build | Farm |
| 24:41 | Build | Farm |
| 24:44 | Research | Heavy Plow |
| 24:56 | Research | Double-Bit Axe |
| 25:48 | Create | Villager (Male) |
| 25:49 | Create | Villager (Male) |
| 27:44 | Create | Villager (Male) |
| 27:48 | Research | Wheelbarrow |
| 27:58 | Build | University |
| 28:20 | Build | Castle |
| 28:26 | Create | Villager (Male) |
| 28:26 | Create | Villager (Male) |
| 28:26 | Create | Villager (Male) |
| 28:29 | Create | Villager (Male) |
| 28:30 | Create | Villager (Male) |
| 28:32 | Create | Villager (Male) |
| 28:32 | Create | Villager (Male) |
| 28:45 | Build | Siege Workshop |
| 28:57 | Create | Steppe Lancer |
| 28:57 | Create | Steppe Lancer |
| 28:57 | Create | Steppe Lancer |
| 29:31 | Create | Villager (Male) |
| 29:35 | Research | Hand Cart |
| 29:53 | Build | House |
| 29:56 | Build | House |
| 30:28 | Create | Mangonel |
| 30:28 | Create | Mangonel |
| 30:46 | Build | Market |
| 31:16 | Create | Villager (Male) |
| 31:16 | Create | Villager (Male) |
| 31:17 | Create | Villager (Male) |
| 31:17 | Create | Villager (Male) |
| 31:27 | Research | Imperial Age |
| 31:47 | Create | Mangonel |
| 32:14 | Research | Scale Barding Armor |
| 33:09 | Build | Stable |
| 33:10 | Build | Stable |
Build order — COBR3LOA#4566
First 150 of 356 actions detected
| 0:01 | Create | Villager (Male) |
| 0:01 | Create | Villager (Male) |
| 0:01 | Create | Villager (Male) |
| 0:03 | Build | House |
| 0:04 | Build | House |
| 1:12 | Create | Villager (Male) |
| 1:12 | Create | Villager (Male) |
| 1:45 | Create | Villager (Male) |
| 2:11 | Create | Villager (Male) |
| 2:12 | Create | Villager (Male) |
| 2:52 | Create | Villager (Male) |
| 3:03 | Build | Lumber Camp |
| 3:13 | Build | Lumber Camp |
| 3:15 | Create | Villager (Male) |
| 3:49 | Build | House |
| 3:51 | Create | Villager (Male) |
| 4:02 | Build | House |
| 4:11 | Create | Villager (Male) |
| 4:37 | Create | Villager (Male) |
| 4:37 | Create | Villager (Male) |
| 4:53 | Build | Mill |
| 5:02 | Create | Villager (Male) |
| 5:34 | Create | Villager (Male) |
| 6:14 | Create | Villager (Male) |
| 6:14 | Create | Villager (Male) |
| 6:15 | Create | Villager (Male) |
| 7:04 | Create | Villager (Male) |
| 7:04 | Create | Villager (Male) |
| 7:13 | Build | Mining Camp |
| 7:39 | Create | Villager (Male) |
| 7:50 | Create | Villager (Male) |
| 7:50 | Create | Villager (Male) |
| 7:50 | Create | Villager (Male) |
| 7:50 | Create | Villager (Male) |
| 7:51 | Create | Villager (Male) |
| 8:31 | Create | Villager (Male) |
| 9:54 | Research | Feudal Age |
| 11:09 | Build | Farm |
| 11:10 | Build | Farm |
| 11:57 | Create | Villager (Male) |
| 11:58 | Create | Villager (Male) |
| 11:58 | Create | Villager (Male) |
| 12:17 | Create | Villager (Male) |
| 12:21 | Build | Farm |
| 12:34 | Build | House |
| 12:47 | Research | Loom |
| 12:55 | Build | House |
| 13:02 | Create | Villager (Male) |
| 13:13 | Build | Market |
| 13:18 | Create | Villager (Male) |
| 14:15 | Create | Villager (Male) |
| 14:19 | Build | Blacksmith |
| 14:26 | Build | Farm |
| 14:35 | Build | Lumber Camp |
| 14:52 | Research | Castle Age |
| 15:04 | Build | Palisade Gate |
| 15:09 | Build | Palisade Wall |
| 16:30 | Build | Farm |
| 16:32 | Build | Farm |
| 16:34 | Create | Villager (Male) |
| 17:35 | Create | Villager (Male) |
| 17:42 | Build | Monastery |
| 17:58 | Create | Villager (Male) |
| 18:29 | Build | Monastery |
| 18:31 | Create | Monk |
| 18:32 | Create | Villager (Male) |
| 19:01 | Build | Lumber Camp |
| 19:04 | Build | Lumber Camp |
| 19:08 | Create | Villager (Male) |
| 19:24 | Build | Monastery |
| 19:39 | Create | Villager (Male) |
| 19:45 | Build | Farm |
| 19:55 | Create | Monk |
| 20:06 | Create | Monk ×5 |
| 20:16 | Build | House |
| 20:34 | Build | Monastery |
| 20:37 | Research | Wheelbarrow |
| 20:38 | Research | Town Watch |
| 20:40 | Research | Double-Bit Axe |
| 21:00 | Create | Monk |
| 21:15 | Build | House |
| 21:17 | Create | Villager (Male) |
| 21:30 | Create | Monk ×2 |
| 21:34 | Build | House |
| 21:40 | Create | Villager (Male) |
| 21:43 | Create | Monk ×5 |
| 22:07 | Create | Monk ×3 |
| 22:08 | Build | House |
| 22:33 | Build | House |
| 22:35 | Create | Monk |
| 22:35 | Create | Monk |
| 23:27 | Create | Villager (Male) |
| 23:27 | Create | Villager (Male) |
| 23:28 | Create | Villager (Male) |
| 23:28 | Create | Villager (Male) |
| 23:36 | Create | Monk ×2 |
| 23:36 | Create | Monk ×2 |
| 23:49 | Build | Stone Wall |
| 23:52 | Build | Stone Wall |
| 24:26 | Research | Redemption |
| 24:30 | Research | Fervor |
| 25:01 | Build | Outpost |
| 25:32 | Build | Mill |
| 25:44 | Build | Outpost |
| 25:48 | Build | Outpost |
| 26:54 | Create | Villager (Male) |
| 26:54 | Create | Villager (Male) |
| 26:54 | Create | Villager (Male) |
| 26:54 | Create | Villager (Male) |
| 27:01 | Build | Town Center |
| 27:15 | Build | Barracks |
| 27:54 | Build | Barracks |
| 28:02 | Build | Siege Workshop |
| 28:11 | Create | Villager (Male) ×5 |
| 28:18 | Build | Farm |
| 28:18 | Build | Farm |
| 28:18 | Build | Farm |
| 28:18 | Build | Farm |
| 28:23 | Research | Hand Cart |
| 28:26 | Research | Town Patrol |
| 28:27 | Create | Villager (Male) |
| 28:30 | Build | Mining Camp |
| 28:35 | Build | Farm |
| 28:36 | Build | Farm |
| 28:38 | Build | Farm |
| 28:40 | Create | Villager (Male) ×5 |
| 28:40 | Create | Villager (Male) ×2 |
| 28:40 | Create | Villager (Male) ×2 |
| 28:46 | Create | Battering Ram |
| 29:03 | Build | Siege Workshop |
| 30:10 | Create | Battering Ram ×5 |
| 30:15 | Build | Siege Workshop |
| 30:28 | Create | Villager (Male) ×5 |
| 30:30 | Build | Farm |
| 30:34 | Build | Town Center |
| 30:37 | Create | Villager (Male) ×4 |
| 30:52 | Build | Outpost |
| 31:43 | Build | House |
| 32:16 | Create | Villager (Male) |
| 32:16 | Create | Villager (Male) |
| 32:17 | Create | Villager (Male) |
| 32:17 | Create | Villager (Male) |
| 32:17 | Create | Villager (Male) |
| 32:17 | Create | Villager (Male) |
| 32:22 | Create | Villager (Male) ×4 |
| 32:28 | Create | Villager (Male) |
| 32:28 | Create | Villager (Male) |
| 32:29 | Create | Villager (Male) |
| 32:29 | Create | Villager (Male) |
| 32:42 | Build | Town Center |
Build order — Optikor
First 150 of 834 actions detected
| 0:02 | Build | House |
| 0:04 | Build | House |
| 0:16 | Create | Villager (Male) |
| 0:17 | Create | Villager (Male) |
| 0:17 | Create | Villager (Male) |
| 0:17 | Create | Villager (Male) |
| 0:17 | Create | Villager (Male) |
| 0:17 | Create | Villager (Male) |
| 1:38 | Create | Villager (Male) |
| 1:38 | Create | Villager (Male) |
| 2:10 | Build | Lumber Camp |
| 2:18 | Create | Villager (Male) |
| 2:18 | Create | Villager (Male) |
| 2:37 | Create | Villager (Male) |
| 2:37 | Create | Villager (Male) |
| 3:29 | Create | Villager (Male) |
| 3:29 | Create | Villager (Male) |
| 3:30 | Create | Villager (Male) |
| 3:37 | Build | House |
| 3:39 | Build | House |
| 3:48 | Create | Villager (Male) |
| 5:00 | Create | Villager (Male) |
| 5:01 | Create | Villager (Male) |
| 5:40 | Build | Lumber Camp |
| 5:45 | Create | Villager (Male) |
| 5:46 | Create | Villager (Male) |
| 6:50 | Create | Villager (Male) |
| 6:50 | Create | Villager (Male) |
| 7:12 | Build | Mill |
| 7:53 | Create | Villager (Male) |
| 8:02 | Create | Villager (Male) |
| 8:02 | Create | Villager (Male) |
| 8:02 | Create | Villager (Male) |
| 9:03 | Build | Mining Camp |
| 9:48 | Create | Villager (Male) |
| 10:00 | Research | Loom |
| 10:41 | Research | Feudal Age |
| 12:26 | Create | Villager (Male) |
| 12:26 | Create | Villager (Male) |
| 12:51 | Age | Feudal Age |
| 12:52 | Build | House |
| 12:53 | Build | House |
| 13:06 | Build | Market |
| 13:20 | Build | Blacksmith |
| 13:43 | Create | Villager (Male) |
| 13:44 | Create | Villager (Male) |
| 13:44 | Create | Villager (Male) |
| 13:58 | Build | House |
| 14:01 | Build | House |
| 14:03 | Build | House |
| 14:04 | Build | House |
| 14:05 | Build | House |
| 14:17 | Build | Farm |
| 14:17 | Build | Farm |
| 14:18 | Build | Farm |
| 14:18 | Build | Farm |
| 14:22 | Build | Farm |
| 14:33 | Create | Villager (Male) |
| 15:25 | Build | Farm |
| 15:25 | Build | Farm |
| 15:26 | Build | Farm |
| 15:26 | Build | Farm |
| 16:28 | Research | Castle Age |
| 16:28 | Research | Castle Age |
| 17:19 | Create | Villager (Male) |
| 17:20 | Create | Villager (Male) |
| 17:20 | Create | Villager (Male) |
| 18:02 | Build | Barracks |
| 19:08 | Age | Castle Age |
| 19:31 | Create | Spearman |
| 19:55 | Build | Town Center |
| 20:11 | Build | Town Center |
| 20:17 | Build | Farm |
| 20:23 | Research | Horse Collar |
| 20:47 | Research | Man-at-Arms (upgrade) |
| 20:48 | Research | Gambesons |
| 20:49 | Research | Squires |
| 20:54 | Research | Forging |
| 20:54 | Research | Scale Mail Armor |
| 21:01 | Create | Villager (Male) |
| 21:01 | Create | Villager (Male) |
| 21:29 | Research | Double-Bit Axe |
| 21:29 | Research | Double-Bit Axe |
| 21:45 | Build | Farm |
| 21:48 | Create | Villager (Male) |
| 21:48 | Create | Villager (Male) |
| 22:08 | Create | Villager (Male) |
| 22:29 | Create | Villager (Male) |
| 22:30 | Create | Villager (Male) |
| 22:30 | Create | Villager (Male) |
| 22:42 | Create | Villager (Male) |
| 22:42 | Create | Villager (Male) |
| 22:42 | Create | Villager (Male) |
| 22:54 | Build | Mill |
| 23:01 | Build | Farm |
| 23:16 | Build | Farm |
| 23:16 | Build | Farm |
| 23:16 | Build | Farm |
| 23:17 | Build | Farm |
| 23:17 | Build | Farm |
| 23:25 | Build | Farm |
| 23:43 | Create | Villager (Male) |
| 23:43 | Create | Villager (Male) |
| 23:43 | Create | Villager (Male) |
| 23:43 | Create | Villager (Male) |
| 23:43 | Create | Villager (Male) |
| 24:07 | Build | Mining Camp |
| 24:34 | Build | Farm |
| 24:34 | Build | Farm |
| 24:35 | Build | Farm |
| 24:35 | Build | Farm |
| 25:37 | Build | Stone Wall |
| 25:40 | Build | Stone Wall |
| 26:01 | Build | Gate |
| 26:28 | Research | Long Swordsman (upgrade) |
| 26:29 | Create | Militia |
| 26:29 | Create | Militia |
| 26:29 | Create | Militia |
| 26:29 | Create | Militia |
| 26:29 | Create | Militia |
| 26:30 | Create | Militia |
| 26:30 | Create | Militia |
| 26:36 | Build | Monastery |
| 27:12 | Build | Barracks |
| 27:15 | Build | Barracks |
| 27:18 | Create | Villager (Male) |
| 27:19 | Create | Villager (Male) |
| 27:19 | Create | Villager (Male) |
| 27:19 | Create | Villager (Male) |
| 27:19 | Create | Villager (Male) |
| 27:19 | Create | Villager (Male) |
| 27:19 | Create | Villager (Male) |
| 27:20 | Create | Villager (Male) |
| 27:24 | Research | Devotion |
| 27:27 | Build | Farm |
| 27:57 | Create | Villager (Male) |
| 27:57 | Create | Villager (Male) |
| 27:58 | Create | Villager (Male) |
| 27:58 | Create | Villager (Male) |
| 28:01 | Create | Villager (Male) |
| 28:01 | Create | Villager (Male) |
| 28:01 | Create | Villager (Male) |
| 28:02 | Create | Villager (Male) |
| 28:02 | Create | Villager (Male) |
| 28:02 | Create | Villager (Male) |
| 28:02 | Create | Villager (Male) |
| 28:02 | Create | Villager (Male) |
| 28:03 | Create | Villager (Male) |
| 28:03 | Create | Villager (Male) |
| 28:03 | Create | Villager (Male) |
Build order — Milton Caskito
First 150 of 433 actions detected
| 0:09 | Build | House |
| 0:10 | Build | House |
| 0:17 | Create | Villager (Male) |
| 0:17 | Create | Villager (Male) |
| 0:17 | Create | Villager (Male) |
| 0:18 | Create | Villager (Male) |
| 0:18 | Create | Villager (Male) |
| 1:41 | Create | Villager (Male) |
| 2:26 | Build | Lumber Camp |
| 2:34 | Create | Villager (Male) |
| 2:34 | Create | Villager (Male) |
| 3:39 | Research | Loom |
| 3:42 | Create | Villager (Male) |
| 3:43 | Create | Villager (Male) |
| 4:35 | Build | House |
| 4:40 | Create | Villager (Male) |
| 4:42 | Create | Villager (Male) |
| 4:42 | Create | Villager (Male) |
| 4:43 | Create | Villager (Male) |
| 5:12 | Build | Mill |
| 5:22 | Create | Villager (Male) |
| 6:24 | Create | Villager (Male) |
| 7:21 | Create | Villager (Male) |
| 7:22 | Create | Villager (Male) |
| 7:28 | Build | House |
| 8:05 | Research | Feudal Age |
| 8:44 | Build | Lumber Camp |
| 8:58 | Build | Lumber Camp |
| 9:49 | Create | Villager (Male) |
| 9:51 | Create | Villager (Male) |
| 10:15 | Age | Feudal Age |
| 10:20 | Build | Farm |
| 10:20 | Build | Farm |
| 10:21 | Build | Farm |
| 10:58 | Create | Villager (Male) |
| 10:59 | Create | Villager (Male) |
| 11:08 | Build | Farm |
| 11:08 | Build | Farm |
| 11:11 | Build | Farm |
| 11:47 | Build | Mining Camp |
| 11:50 | Create | Villager (Male) |
| 11:50 | Create | Villager (Male) |
| 12:27 | Build | House |
| 13:27 | Research | Castle Age |
| 13:46 | Create | Villager (Male) |
| 14:20 | Create | Villager (Male) |
| 15:18 | Create | Villager (Male) |
| 15:19 | Create | Villager (Male) |
| 15:33 | Build | House |
| 16:07 | Age | Castle Age |
| 16:10 | Build | Town Center |
| 16:14 | Build | Town Center |
| 16:26 | Create | Villager (Male) |
| 16:34 | Build | Farm |
| 16:34 | Build | Farm |
| 16:34 | Build | Farm |
| 16:58 | Create | Villager (Male) |
| 16:59 | Create | Villager (Male) |
| 17:49 | Create | Villager (Male) |
| 17:50 | Create | Villager (Male) |
| 17:55 | Create | Villager (Male) |
| 17:55 | Create | Villager (Male) |
| 17:56 | Create | Villager (Male) |
| 18:05 | Create | Villager (Male) |
| 18:05 | Create | Villager (Male) |
| 18:06 | Create | Villager (Male) |
| 18:12 | Build | Farm |
| 18:14 | Build | Farm |
| 18:15 | Create | Villager (Male) |
| 18:16 | Create | Villager (Male) |
| 18:23 | Create | Villager (Male) |
| 18:24 | Research | Wheelbarrow |
| 18:25 | Create | Villager (Male) |
| 18:42 | Create | Villager (Male) |
| 18:43 | Create | Villager (Male) |
| 18:44 | Create | Villager (Male) |
| 18:45 | Create | Villager (Male) |
| 19:04 | Create | Villager (Male) |
| 19:15 | Create | Villager (Male) |
| 19:27 | Create | Villager (Male) |
| 19:28 | Create | Villager (Male) |
| 19:36 | Research | Double-Bit Axe |
| 19:38 | Research | Horse Collar |
| 19:44 | Build | Farm |
| 19:44 | Build | Farm |
| 19:44 | Build | Farm |
| 19:46 | Build | Farm |
| 19:51 | Create | Villager (Male) |
| 19:59 | Build | Farm |
| 20:36 | Create | Villager (Male) |
| 20:54 | Create | Villager (Male) |
| 21:02 | Build | House |
| 21:02 | Build | House |
| 21:02 | Build | House |
| 21:02 | Build | House |
| 21:02 | Build | House |
| 21:03 | Build | House |
| 22:12 | Create | Villager (Male) |
| 22:12 | Create | Villager (Male) |
| 22:37 | Create | Villager (Male) |
| 22:37 | Create | Villager (Male) |
| 22:44 | Create | Villager (Male) |
| 22:44 | Create | Villager (Male) |
| 23:05 | Create | Villager (Male) |
| 23:07 | Create | Villager (Male) |
| 23:08 | Create | Villager (Male) |
| 23:08 | Create | Villager (Male) |
| 23:09 | Create | Villager (Male) |
| 23:09 | Create | Villager (Male) |
| 23:30 | Build | Farm |
| 23:30 | Build | Farm |
| 23:30 | Build | Farm |
| 23:31 | Build | Farm |
| 23:31 | Build | Farm |
| 23:31 | Build | Farm |
| 23:32 | Build | Farm |
| 23:33 | Build | Farm |
| 23:34 | Build | Farm |
| 23:35 | Build | Farm |
| 23:50 | Create | Villager (Male) |
| 23:51 | Create | Villager (Male) |
| 23:51 | Create | Villager (Male) |
| 23:51 | Create | Villager (Male) |
| 23:51 | Create | Villager (Male) |
| 23:52 | Create | Villager (Male) |
| 23:52 | Create | Villager (Male) |
| 24:02 | Build | Lumber Camp |
| 24:10 | Create | Villager (Male) |
| 24:21 | Build | Town Center |
| 24:23 | Create | Villager (Male) |
| 24:25 | Create | Villager (Male) |
| 24:29 | Create | Villager (Male) |
| 24:30 | Create | Villager (Male) |
| 24:45 | Build | Blacksmith |
| 24:53 | Build | Market |
| 24:55 | Build | House |
| 24:55 | Build | House |
| 24:55 | Build | House |
| 24:56 | Build | House |
| 24:56 | Build | House |
| 24:57 | Build | House |
| 25:25 | Create | Villager (Male) |
| 25:26 | Create | Villager (Male) |
| 25:26 | Create | Villager (Male) |
| 25:38 | Build | Castle |
| 25:41 | Create | Villager (Male) |
| 25:41 | Create | Villager (Male) |
| 25:42 | Create | Villager (Male) |
| 25:45 | Research | Gold Mining |
| 25:48 | Research | Bow Saw |
Build order — Tatu シ☆
First 150 of 364 actions detected
| 0:03 | Build | House |
| 0:09 | Create | Villager (Male) |
| 0:10 | Create | Villager (Male) |
| 0:10 | Create | Villager (Male) |
| 0:10 | Create | Villager (Male) |
| 0:10 | Create | Villager (Male) |
| 0:10 | Create | Villager (Male) |
| 1:39 | Create | Villager (Male) |
| 1:40 | Create | Villager (Male) |
| 1:40 | Create | Villager (Male) |
| 2:09 | Create | Villager (Male) |
| 2:09 | Create | Villager (Male) |
| 2:09 | Create | Villager (Male) |
| 2:16 | Build | House |
| 2:32 | Create | Villager (Male) |
| 2:32 | Create | Villager (Male) |
| 2:32 | Create | Villager (Male) |
| 2:53 | Build | Lumber Camp |
| 3:07 | Create | Villager (Male) |
| 3:07 | Create | Villager (Male) |
| 3:07 | Create | Villager (Male) |
| 3:32 | Create | Villager (Male) |
| 4:13 | Create | Villager (Male) |
| 4:13 | Create | Villager (Male) |
| 4:13 | Create | Villager (Male) |
| 4:14 | Create | Villager (Male) |
| 4:57 | Create | Villager (Male) |
| 4:57 | Create | Villager (Male) |
| 4:58 | Create | Villager (Male) |
| 5:02 | Build | House |
| 5:03 | Build | House |
| 5:08 | Research | Loom |
| 5:09 | Create | Villager (Male) |
| 5:10 | Create | Villager (Male) |
| 5:10 | Create | Villager (Male) |
| 5:10 | Create | Villager (Male) |
| 5:43 | Create | Villager (Male) |
| 5:43 | Create | Villager (Male) |
| 5:43 | Create | Villager (Male) |
| 5:57 | Create | Villager (Male) |
| 5:57 | Create | Villager (Male) |
| 5:57 | Create | Villager (Male) |
| 5:58 | Create | Villager (Male) |
| 5:58 | Create | Villager (Male) |
| 6:39 | Build | Mill |
| 6:41 | Create | Villager (Male) |
| 6:42 | Create | Villager (Male) |
| 8:20 | Create | Villager (Male) |
| 8:20 | Create | Villager (Male) |
| 8:20 | Create | Villager (Male) |
| 8:47 | Build | Mining Camp |
| 9:49 | Build | House |
| 10:03 | Research | Feudal Age |
| 10:14 | Build | House |
| 10:15 | Build | House |
| 11:22 | Create | Villager (Male) |
| 11:22 | Create | Villager (Male) |
| 11:22 | Create | Villager (Male) |
| 11:22 | Create | Villager (Male) |
| 11:22 | Create | Villager (Male) |
| 11:23 | Create | Villager (Male) |
| 12:13 | Age | Feudal Age |
| 12:15 | Build | Market |
| 12:20 | Build | Blacksmith |
| 13:11 | Build | Farm |
| 13:32 | Build | Farm |
| 13:38 | Build | Farm |
| 13:50 | Research | Castle Age |
| 13:50 | Research | Castle Age |
| 13:58 | Build | Farm |
| 13:59 | Build | Farm |
| 14:00 | Build | Farm |
| 14:00 | Build | Farm |
| 14:09 | Create | Villager (Male) |
| 14:10 | Create | Villager (Male) |
| 14:10 | Create | Villager (Male) |
| 14:10 | Create | Villager (Male) |
| 14:27 | Build | Mining Camp |
| 14:51 | Build | Farm |
| 14:56 | Research | Double-Bit Axe |
| 15:19 | Research | Horse Collar |
| 15:43 | Create | Villager (Male) |
| 15:43 | Create | Villager (Male) |
| 15:44 | Create | Villager (Male) |
| 15:44 | Create | Villager (Male) |
| 15:44 | Create | Villager (Male) |
| 16:33 | Age | Castle Age |
| 16:52 | Build | Town Center |
| 17:06 | Create | Villager (Male) |
| 17:07 | Create | Villager (Male) |
| 17:07 | Create | Villager (Male) |
| 17:44 | Build | Barracks |
| 18:14 | Create | Villager (Male) |
| 18:15 | Create | Villager (Male) |
| 18:15 | Create | Villager (Male) |
| 18:16 | Create | Villager (Male) |
| 18:24 | Build | House |
| 18:45 | Create | Spearman |
| 18:45 | Create | Spearman |
| 19:00 | Build | House |
| 19:09 | Research | Bow Saw |
| 20:36 | Create | Villager (Male) |
| 20:36 | Create | Villager (Male) |
| 20:37 | Create | Villager (Male) |
| 20:37 | Create | Villager (Male) |
| 20:37 | Create | Villager (Male) |
| 20:38 | Create | Villager (Male) |
| 20:38 | Create | Villager (Male) |
| 20:38 | Create | Villager (Male) |
| 20:53 | Build | Town Center |
| 20:55 | Create | Villager (Male) |
| 20:56 | Create | Villager (Male) |
| 20:56 | Create | Villager (Male) |
| 21:07 | Build | Barracks |
| 21:35 | Build | Monastery |
| 21:53 | Build | Farm |
| 22:35 | Build | Castle |
| 23:02 | Create | Villager (Male) |
| 23:03 | Create | Villager (Male) |
| 23:03 | Create | Villager (Male) |
| 23:03 | Create | Villager (Male) |
| 23:04 | Create | Villager (Male) |
| 23:04 | Create | Villager (Male) |
| 23:10 | Build | Farm |
| 23:28 | Build | Castle |
| 23:44 | Create | Villager (Male) |
| 23:45 | Create | Villager (Male) |
| 23:45 | Create | Villager (Male) |
| 23:45 | Create | Villager (Male) |
| 23:46 | Create | Villager (Male) |
| 24:03 | Build | Farm |
| 24:04 | Build | Farm |
| 24:05 | Build | Farm |
| 24:06 | Build | Farm |
| 24:08 | Build | Farm |
| 24:09 | Build | Farm |
| 24:11 | Build | Farm |
| 24:12 | Build | Farm |
| 24:13 | Build | Farm |
| 24:14 | Build | Farm |
| 24:15 | Build | Farm |
| 24:40 | Create | Villager (Male) |
| 24:41 | Create | Villager (Male) |
| 24:41 | Create | Villager (Male) |
| 24:41 | Create | Villager (Male) |
| 24:41 | Create | Villager (Male) |
| 24:41 | Create | Villager (Male) |
| 24:52 | Build | Mining Camp |
| 25:57 | Build | Stable |
| 26:56 | Create | Spearman |
Build order — Dashayu707
First 150 of 389 actions detected
| 0:07 | Build | House |
| 0:08 | Build | House |
| 0:35 | Create | Villager (Male) |
| 0:35 | Create | Villager (Male) |
| 0:35 | Create | Villager (Male) |
| 0:36 | Create | Villager (Male) |
| 0:36 | Create | Villager (Male) |
| 1:30 | Research | Loom |
| 1:58 | Create | Villager (Male) |
| 1:58 | Create | Villager (Male) |
| 1:59 | Create | Villager (Male) |
| 3:04 | Create | Villager (Male) |
| 3:05 | Create | Villager (Male) |
| 3:05 | Create | Villager (Male) |
| 3:35 | Create | Villager (Male) |
| 3:35 | Create | Villager (Male) |
| 3:35 | Create | Villager (Male) |
| 3:35 | Create | Villager (Male) |
| 3:36 | Create | Villager (Male) |
| 4:12 | Create | Villager (Male) |
| 4:12 | Create | Villager (Male) |
| 4:12 | Create | Villager (Male) |
| 4:12 | Create | Villager (Male) |
| 4:26 | Create | Villager (Male) |
| 4:27 | Create | Villager (Male) |
| 4:27 | Create | Villager (Male) |
| 5:11 | Build | Lumber Camp |
| 5:19 | Create | Villager (Male) |
| 5:20 | Create | Villager (Male) |
| 5:20 | Create | Villager (Male) |
| 6:00 | Build | Mill |
| 6:04 | Create | Villager (Male) |
| 6:04 | Create | Villager (Male) |
| 6:05 | Create | Villager (Male) |
| 6:05 | Create | Villager (Male) |
| 6:14 | Build | House |
| 6:15 | Build | House |
| 6:23 | Create | Villager (Male) |
| 6:23 | Create | Villager (Male) |
| 6:23 | Create | Villager (Male) |
| 6:23 | Create | Villager (Male) |
| 7:04 | Create | Villager (Male) |
| 7:04 | Create | Villager (Male) |
| 8:11 | Create | Villager (Male) |
| 8:39 | Create | Villager (Male) |
| 8:39 | Create | Villager (Male) |
| 10:24 | Build | Mining Camp |
| 10:56 | Build | Mining Camp |
| 11:03 | Research | Feudal Age |
| 11:21 | Build | Farm |
| 11:25 | Build | Farm |
| 11:32 | Build | Farm |
| 11:36 | Build | Farm |
| 12:29 | Build | House |
| 13:13 | Age | Feudal Age |
| 13:25 | Create | Villager (Male) |
| 13:25 | Create | Villager (Male) |
| 13:39 | Build | Market |
| 14:10 | Build | Blacksmith |
| 14:26 | Build | Farm |
| 15:12 | Build | Farm |
| 15:23 | Build | Farm |
| 15:26 | Research | Castle Age |
| 15:35 | Build | House |
| 16:09 | Research | Double-Bit Axe |
| 16:14 | Research | Horse Collar |
| 16:15 | Research | Horse Collar |
| 18:06 | Age | Castle Age |
| 18:14 | Create | Villager (Male) |
| 18:14 | Create | Villager (Male) |
| 18:15 | Create | Villager (Male) |
| 18:25 | Build | Town Center |
| 18:44 | Build | Town Center |
| 18:48 | Create | Villager (Male) |
| 18:48 | Create | Villager (Male) |
| 19:14 | Create | Villager (Male) |
| 19:14 | Create | Villager (Male) |
| 19:35 | Create | Villager (Male) |
| 20:09 | Build | Town Center |
| 20:13 | Create | Villager (Male) |
| 20:13 | Create | Villager (Male) |
| 20:14 | Create | Villager (Male) |
| 20:14 | Create | Villager (Male) |
| 20:27 | Build | Farm |
| 20:33 | Create | Villager (Male) |
| 20:33 | Create | Villager (Male) |
| 20:33 | Create | Villager (Male) |
| 20:44 | Build | Farm |
| 20:49 | Build | Farm |
| 21:10 | Create | Villager (Male) |
| 21:10 | Create | Villager (Male) |
| 21:10 | Create | Villager (Male) |
| 21:26 | Build | Farm |
| 21:36 | Create | Villager (Male) |
| 21:43 | Create | Villager (Male) |
| 21:51 | Build | Farm |
| 22:07 | Create | Villager (Male) |
| 22:07 | Create | Villager (Male) |
| 22:16 | Create | Villager (Male) |
| 22:16 | Create | Villager (Male) |
| 22:27 | Build | Farm |
| 22:32 | Build | Farm |
| 22:36 | Create | Villager (Male) |
| 22:36 | Create | Villager (Male) |
| 22:51 | Create | Villager (Male) |
| 22:52 | Create | Villager (Male) |
| 23:12 | Create | Villager (Male) |
| 23:13 | Create | Villager (Male) |
| 23:13 | Create | Villager (Male) |
| 23:33 | Build | House |
| 23:34 | Build | House |
| 23:35 | Build | House |
| 23:37 | Build | House |
| 23:39 | Build | House |
| 23:39 | Build | House |
| 23:41 | Build | House |
| 23:41 | Build | House |
| 23:49 | Build | Farm |
| 23:56 | Build | Farm |
| 24:00 | Build | Farm |
| 24:05 | Research | Wheelbarrow |
| 24:08 | Build | Farm |
| 24:11 | Create | Villager (Male) |
| 24:11 | Create | Villager (Male) |
| 24:17 | Create | Villager (Male) |
| 24:17 | Create | Villager (Male) |
| 24:40 | Build | Market |
| 24:48 | Create | Villager (Male) |
| 24:49 | Create | Villager (Male) |
| 24:50 | Create | Villager (Male) |
| 25:00 | Build | Farm |
| 25:03 | Build | Farm |
| 25:15 | Research | Bow Saw |
| 25:26 | Build | Mining Camp |
| 25:42 | Create | Villager (Male) |
| 25:46 | Create | Villager (Male) |
| 25:46 | Create | Villager (Male) |
| 25:47 | Create | Villager (Male) |
| 25:47 | Create | Villager (Male) |
| 25:51 | Create | Villager (Male) |
| 25:51 | Create | Villager (Male) |
| 26:02 | Build | Mining Camp |
| 26:19 | Build | Barracks |
| 26:21 | Build | Barracks |
| 26:24 | Build | Barracks |
| 26:29 | Create | Villager (Male) |
| 26:29 | Create | Villager (Male) |
| 26:30 | Create | Villager (Male) |
| 26:31 | Create | Villager (Male) |
| 26:31 | Create | Villager (Male) |
Build order — Hessu
First 150 of 416 actions detected
| 0:02 | Create | Villager (Male) |
| 0:02 | Create | Villager (Male) |
| 0:02 | Create | Villager (Male) |
| 0:03 | Create | Villager (Male) |
| 0:03 | Create | Villager (Male) |
| 0:06 | Build | House |
| 0:09 | Build | House |
| 1:34 | Create | Villager (Male) |
| 1:35 | Create | Villager (Male) |
| 1:35 | Create | Villager (Male) |
| 1:48 | Build | Lumber Camp |
| 2:12 | Create | Villager (Male) |
| 2:13 | Create | Villager (Male) |
| 2:34 | Create | Villager (Male) |
| 2:34 | Create | Villager (Male) |
| 2:35 | Create | Villager (Male) |
| 3:05 | Create | Villager (Male) |
| 3:05 | Create | Villager (Male) |
| 3:06 | Create | Villager (Male) |
| 3:29 | Create | Villager (Male) |
| 3:30 | Create | Villager (Male) |
| 3:52 | Create | Villager (Male) |
| 3:53 | Create | Villager (Male) |
| 4:36 | Build | Mill |
| 4:45 | Create | Villager (Male) |
| 4:45 | Create | Villager (Male) |
| 4:46 | Create | Villager (Male) |
| 4:46 | Create | Villager (Male) |
| 5:16 | Build | House |
| 5:31 | Create | Villager (Male) |
| 5:31 | Create | Villager (Male) |
| 5:31 | Create | Villager (Male) |
| 6:08 | Create | Villager (Male) |
| 6:09 | Create | Villager (Male) |
| 6:09 | Create | Villager (Male) |
| 6:58 | Build | House |
| 7:48 | Create | Villager (Male) |
| 7:48 | Create | Villager (Male) |
| 7:48 | Create | Villager (Male) |
| 8:37 | Create | Villager (Male) |
| 8:42 | Build | Farm |
| 8:46 | Build | Farm |
| 8:51 | Build | Farm |
| 8:58 | Build | Farm |
| 9:03 | Build | Farm |
| 9:06 | Create | Villager (Male) |
| 9:06 | Create | Villager (Male) |
| 9:06 | Create | Villager (Male) |
| 9:06 | Create | Villager (Male) |
| 9:07 | Create | Villager (Male) |
| 9:27 | Build | Farm |
| 9:35 | Build | Farm |
| 9:40 | Build | House |
| 9:43 | Build | House |
| 10:00 | Build | Farm |
| 10:05 | Build | Farm |
| 10:12 | Create | Villager (Male) |
| 10:51 | Research | Feudal Age |
| 10:51 | Research | Feudal Age |
| 10:51 | Research | Feudal Age |
| 11:31 | Build | Mining Camp |
| 11:56 | Create | Villager (Male) |
| 11:56 | Create | Villager (Male) |
| 12:46 | Build | Farm |
| 13:43 | Age | Feudal Age |
| 13:46 | Build | Market |
| 13:52 | Build | Blacksmith |
| 14:38 | Research | Castle Age |
| 14:38 | Research | Castle Age |
| 14:39 | Research | Castle Age |
| 14:54 | Build | Mining Camp |
| 15:06 | Research | Double-Bit Axe |
| 15:07 | Research | Double-Bit Axe |
| 15:07 | Research | Double-Bit Axe |
| 15:09 | Research | Horse Collar |
| 15:09 | Research | Horse Collar |
| 15:10 | Research | Horse Collar |
| 16:37 | Create | Villager (Male) |
| 16:37 | Create | Villager (Male) |
| 17:00 | Build | Barracks |
| 17:18 | Age | Castle Age |
| 17:48 | Create | Villager (Male) |
| 17:48 | Create | Villager (Male) |
| 17:58 | Build | Town Center |
| 18:42 | Create | Villager (Male) |
| 18:42 | Create | Villager (Male) |
| 18:50 | Build | Farm |
| 18:54 | Create | Villager (Male) |
| 18:57 | Create | Villager (Male) |
| 18:57 | Create | Villager (Male) |
| 19:02 | Research | Wheelbarrow |
| 19:02 | Research | Wheelbarrow |
| 19:02 | Research | Wheelbarrow |
| 19:25 | Create | Villager (Male) |
| 19:28 | Create | Villager (Male) |
| 19:53 | Build | Siege Workshop |
| 20:09 | Create | Villager (Male) |
| 20:12 | Create | Villager (Male) |
| 20:22 | Research | Loom |
| 20:22 | Research | Loom |
| 20:23 | Research | Loom |
| 20:26 | Create | Villager (Male) |
| 20:42 | Build | Town Center |
| 21:11 | Build | House |
| 21:11 | Build | House |
| 21:11 | Build | House |
| 21:12 | Build | House |
| 21:12 | Build | House |
| 21:13 | Build | House |
| 21:38 | Create | Villager (Male) |
| 21:38 | Create | Villager (Male) |
| 21:47 | Build | House |
| 21:48 | Build | House |
| 21:48 | Build | House |
| 21:48 | Build | House |
| 21:49 | Build | House |
| 21:49 | Build | House |
| 21:49 | Build | House |
| 21:50 | Build | House |
| 21:50 | Build | House |
| 21:56 | Create | Villager (Male) |
| 21:56 | Create | Villager (Male) |
| 22:20 | Build | Farm |
| 22:27 | Research | Bow Saw |
| 22:27 | Research | Bow Saw |
| 22:27 | Research | Bow Saw |
| 22:35 | Create | Villager (Male) |
| 22:36 | Create | Villager (Male) |
| 22:55 | Build | Farm |
| 23:00 | Build | Farm |
| 23:05 | Build | Farm |
| 23:41 | Research | Hand Cart |
| 23:41 | Research | Hand Cart |
| 23:51 | Build | Farm |
| 24:01 | Build | Monastery |
| 24:14 | Build | University |
| 24:20 | Create | Villager (Male) |
| 24:21 | Create | Villager (Male) |
| 24:23 | Create | Villager (Male) |
| 24:23 | Create | Villager (Male) |
| 24:46 | Create | Villager (Male) |
| 24:47 | Create | Villager (Male) |
| 24:49 | Create | Villager (Male) |
| 26:08 | Research | Imperial Age |
| 26:08 | Research | Imperial Age |
| 26:08 | Research | Imperial Age |
| 26:28 | Build | Stable |
| 26:56 | Create | Villager (Male) |
| 26:56 | Create | Villager (Male) |
| 26:56 | Create | Villager (Male) |
Build order — Dukka
First 150 of 670 actions detected
| 0:02 | Build | House |
| 0:04 | Build | House |
| 0:04 | Create | Villager (Male) |
| 0:05 | Create | Villager (Male) |
| 0:05 | Create | Villager (Male) |
| 0:05 | Create | Villager (Male) |
| 0:05 | Create | Villager (Male) |
| 1:26 | Create | Villager (Male) |
| 2:06 | Build | Lumber Camp |
| 2:16 | Create | Villager (Male) |
| 2:17 | Create | Villager (Male) |
| 2:17 | Create | Villager (Male) |
| 2:17 | Create | Villager (Male) |
| 2:52 | Create | Villager (Male) |
| 2:52 | Create | Villager (Male) |
| 3:03 | Build | House |
| 3:07 | Create | Villager (Male) |
| 3:40 | Create | Villager (Male) |
| 4:14 | Create | Villager (Male) |
| 4:15 | Create | Villager (Male) |
| 4:25 | Build | House |
| 4:26 | Build | House |
| 5:21 | Create | Villager (Male) |
| 5:21 | Create | Villager (Male) |
| 5:21 | Create | Villager (Male) |
| 6:06 | Create | Villager (Male) |
| 6:06 | Create | Villager (Male) |
| 6:07 | Create | Villager (Male) |
| 6:07 | Create | Villager (Male) |
| 6:40 | Build | Mill |
| 7:13 | Build | Mining Camp |
| 8:08 | Build | Farm |
| 8:16 | Research | Feudal Age |
| 10:26 | Age | Feudal Age |
| 10:31 | Create | Villager (Male) |
| 10:31 | Create | Villager (Male) |
| 10:32 | Create | Villager (Male) |
| 10:32 | Create | Villager (Male) |
| 10:32 | Create | Villager (Male) |
| 10:33 | Create | Villager (Male) |
| 10:50 | Research | Double-Bit Axe |
| 11:14 | Build | Farm |
| 11:14 | Build | Farm |
| 11:15 | Build | Farm |
| 11:20 | Build | Farm |
| 11:22 | Build | Farm |
| 11:48 | Create | Villager (Male) |
| 11:49 | Create | Villager (Male) |
| 11:59 | Build | Farm |
| 12:05 | Build | Farm |
| 13:04 | Build | House |
| 13:04 | Build | House |
| 13:12 | Build | Mining Camp |
| 13:39 | Build | Farm |
| 13:43 | Build | Farm |
| 13:53 | Create | Villager (Male) |
| 13:53 | Create | Villager (Male) |
| 14:39 | Build | Market |
| 15:13 | Build | Blacksmith |
| 15:19 | Create | Villager (Male) |
| 15:20 | Create | Villager (Male) |
| 16:16 | Research | Castle Age |
| 17:42 | Build | Barracks |
| 18:13 | Research | Stone Mining |
| 18:39 | Create | Spearman |
| 18:39 | Create | Spearman |
| 18:39 | Create | Spearman |
| 18:56 | Age | Castle Age |
| 19:07 | Build | Town Center |
| 19:17 | Build | Town Center |
| 19:21 | Research | Gold Mining |
| 20:39 | Create | Villager (Male) |
| 20:39 | Create | Villager (Male) |
| 20:40 | Create | Villager (Male) |
| 20:40 | Create | Villager (Male) |
| 20:40 | Create | Villager (Male) |
| 20:47 | Create | Villager (Male) |
| 20:47 | Create | Villager (Male) |
| 20:47 | Create | Villager (Male) |
| 20:47 | Create | Villager (Male) |
| 20:48 | Create | Villager (Male) |
| 20:52 | Create | Villager (Male) |
| 20:52 | Create | Villager (Male) |
| 20:52 | Create | Villager (Male) |
| 20:53 | Create | Villager (Male) |
| 20:53 | Create | Villager (Male) |
| 20:57 | Create | Villager (Male) |
| 21:06 | Create | Villager (Male) |
| 21:32 | Build | Farm |
| 21:48 | Build | Lumber Camp |
| 22:25 | Build | Watch Tower |
| 23:05 | Build | House |
| 23:05 | Build | House |
| 23:05 | Build | House |
| 23:06 | Build | House |
| 23:06 | Build | House |
| 23:16 | Build | House |
| 23:16 | Build | House |
| 23:16 | Build | House |
| 23:17 | Build | House |
| 23:17 | Build | House |
| 23:36 | Create | Villager (Male) |
| 23:37 | Create | Villager (Male) |
| 23:37 | Create | Villager (Male) |
| 23:38 | Create | Villager (Male) |
| 23:38 | Create | Villager (Male) |
| 23:43 | Create | Villager (Male) |
| 23:43 | Create | Villager (Male) |
| 23:46 | Create | Villager (Male) |
| 23:47 | Create | Villager (Male) |
| 23:47 | Create | Villager (Male) |
| 23:47 | Create | Villager (Male) |
| 23:47 | Create | Villager (Male) |
| 23:51 | Create | Villager (Male) |
| 23:51 | Create | Villager (Male) |
| 23:51 | Create | Villager (Male) |
| 23:51 | Create | Villager (Male) |
| 23:53 | Research | Horse Collar |
| 24:17 | Build | Farm |
| 24:17 | Build | Farm |
| 24:18 | Build | Farm |
| 24:18 | Build | Farm |
| 24:24 | Research | Bow Saw |
| 24:32 | Create | Villager (Male) |
| 24:41 | Build | Castle |
| 25:16 | Build | Castle |
| 25:58 | Create | Villager (Male) |
| 25:58 | Create | Villager (Male) |
| 25:59 | Create | Villager (Male) |
| 25:59 | Create | Villager (Male) |
| 26:24 | Build | Farm |
| 26:24 | Build | Farm |
| 26:25 | Build | Farm |
| 26:25 | Build | Farm |
| 26:26 | Build | Farm |
| 26:31 | Create | Ghulam |
| 26:32 | Create | Ghulam |
| 26:32 | Create | Ghulam |
| 26:32 | Create | Ghulam |
| 26:32 | Create | Ghulam |
| 26:32 | Create | Ghulam |
| 26:32 | Create | Ghulam |
| 26:32 | Create | Ghulam |
| 26:33 | Create | Ghulam |
| 26:33 | Create | Ghulam |
| 26:33 | Create | Ghulam |
| 26:33 | Create | Ghulam |
| 26:33 | Create | Ghulam |
| 26:34 | Create | Ghulam |
| 27:14 | Create | Villager (Male) |
Match timeline
| 10:14 | maurodcdc89 · first_building Barracks |
| 10:15 | Milton Caskito · age_up feudal |
| 10:26 | Dukka · age_up feudal |
| 12:05 | maurodcdc89 · age_up feudal |
| 12:13 | Tatu シ☆ · age_up feudal |
| 12:47 | maurodcdc89 · first_building Stable |
| 12:51 | Optikor · age_up feudal |
| 13:13 | Dashayu707 · age_up feudal |
| 13:43 | Hessu · age_up feudal |
| 15:06 | Optikor · first_market_buy 100 food |
| 15:09 | COBR3LOA#4566 · wall_segment Palisade Wall x21 |
| 16:07 | Milton Caskito · age_up castle |
| 16:09 | maurodcdc89 · wall_segment Stone Wall x26 |
| 16:33 | Tatu シ☆ · age_up castle |
| 17:00 | Hessu · first_building Barracks |
| 17:18 | Hessu · age_up castle |
| 17:42 | Dukka · first_building Barracks |
| 17:42 | COBR3LOA#4566 · first_building Monastery |
| 17:44 | Tatu シ☆ · first_building Barracks |
| 18:02 | Optikor · first_building Barracks |
| 18:06 | Dashayu707 · age_up castle |
| 18:56 | Dukka · age_up castle |
| 19:08 | Optikor · age_up castle |
| 19:53 | Hessu · first_building Siege Workshop |
| 20:18 | maurodcdc89 · age_up castle |
| 21:35 | Tatu シ☆ · first_building Monastery |
| 21:39 | COBR3LOA#4566 · first_market_sell 500 wood |
| 22:27 | Tatu シ☆ · first_market_buy 100 stone |
| 22:35 | Tatu シ☆ · first_building Castle |
| 22:42 | Hessu · first_market_buy 100 wood |
| 23:23 | maurodcdc89 · wall_segment Stone Wall x3 |
| 23:49 | COBR3LOA#4566 · wall_segment Stone Wall x1 |
| 23:52 | COBR3LOA#4566 · wall_segment Stone Wall x4 |
| 24:01 | Hessu · first_building Monastery |
| 24:41 | Dukka · first_building Castle |
| 25:37 | Optikor · wall_segment Stone Wall x8 |
| 25:38 | Milton Caskito · first_building Castle |
| 25:40 | Optikor · wall_segment Stone Wall x2 |
| 25:57 | Tatu シ☆ · first_building Stable |
| 26:19 | Dashayu707 · first_building Barracks |
| 26:28 | Hessu · first_building Stable |
| 26:36 | Optikor · first_building Monastery |
| 27:08 | Tatu シ☆ · wall_segment Stone Wall x10 |
| 27:15 | COBR3LOA#4566 · first_building Barracks |
| 27:18 | Tatu シ☆ · wall_segment Stone Wall x6 |
| 27:52 | Milton Caskito · first_market_buy 100 stone |
| 28:02 | COBR3LOA#4566 · first_building Siege Workshop |
| 28:20 | maurodcdc89 · first_building Castle |
| 28:45 | maurodcdc89 · first_building Siege Workshop |
| 29:18 | Hessu · age_up imperial |
| 30:41 | Hessu · first_building Castle |
| 31:22 | COBR3LOA#4566 · tribute_sent a jugador 2 |
| 31:22 | COBR3LOA#4566 · tribute_sent a jugador 3 |
| 31:22 | COBR3LOA#4566 · tribute_sent a jugador 4 |
| 31:22 | COBR3LOA#4566 · tribute_sent a jugador 5 |
| 31:22 | COBR3LOA#4566 · tribute_sent a jugador 6 |
| 31:22 | COBR3LOA#4566 · tribute_sent a jugador 7 |
| 31:22 | COBR3LOA#4566 · tribute_sent a jugador 8 |
| 31:25 | maurodcdc89 · first_market_sell 100 food |
| 31:31 | Optikor · first_building Castle |
| 32:49 | Milton Caskito · first_market_sell 500 wood |
| 32:50 | Dashayu707 · first_building Castle |
| 34:35 | Tatu シ☆ · age_up imperial |
| 34:45 | Dukka · age_up imperial |
| 34:51 | maurodcdc89 · age_up imperial |
| 35:51 | maurodcdc89 · first_market_buy 100 stone |
| 36:11 | Milton Caskito · age_up imperial |
| 36:14 | Milton Caskito · first_building Stable |
| 36:36 | Optikor · age_up imperial |
| 36:48 | COBR3LOA#4566 · first_building Castle |
| 38:43 | maurodcdc89 · first_building Archery Range |
| 38:47 | Dukka · tribute_sent a jugador 1 |
| 38:47 | Dukka · tribute_sent a jugador 2 |
| 38:47 | Dukka · tribute_sent a jugador 3 |
| 38:47 | Dukka · tribute_sent a jugador 4 |
| 38:47 | Dukka · tribute_sent a jugador 5 |
| 38:47 | Dukka · tribute_sent a jugador 6 |
| 38:47 | Dukka · tribute_sent a jugador 7 |
| 39:22 | COBR3LOA#4566 · tribute_sent a jugador 2 |
| 39:22 | COBR3LOA#4566 · tribute_sent a jugador 3 |
| 39:22 | COBR3LOA#4566 · tribute_sent a jugador 4 |
| 39:22 | COBR3LOA#4566 · tribute_sent a jugador 5 |
| 39:22 | COBR3LOA#4566 · tribute_sent a jugador 6 |
| 39:22 | COBR3LOA#4566 · tribute_sent a jugador 7 |
| 39:22 | COBR3LOA#4566 · tribute_sent a jugador 8 |
| 39:26 | Dashayu707 · age_up imperial |
| 40:10 | Dashayu707 · first_building Stable |
| 42:25 | Dukka · first_building Archery Range |
| 42:49 | Dashayu707 · first_building Siege Workshop |
| 45:07 | COBR3LOA#4566 · tribute_sent a jugador 2 |
| 45:07 | COBR3LOA#4566 · tribute_sent a jugador 3 |
| 45:07 | COBR3LOA#4566 · tribute_sent a jugador 4 |
| 45:07 | COBR3LOA#4566 · tribute_sent a jugador 5 |
| 45:07 | COBR3LOA#4566 · tribute_sent a jugador 6 |
| 45:07 | COBR3LOA#4566 · tribute_sent a jugador 7 |
| 45:07 | COBR3LOA#4566 · tribute_sent a jugador 8 |
| 45:22 | Dukka · tribute_sent a jugador 1 |
| 45:22 | Dukka · tribute_sent a jugador 2 |
| 45:22 | Dukka · tribute_sent a jugador 3 |
| 45:22 | Dukka · tribute_sent a jugador 4 |
| 45:22 | Dukka · tribute_sent a jugador 5 |
| 45:22 | Dukka · tribute_sent a jugador 6 |
| 45:22 | Dukka · tribute_sent a jugador 7 |
| 48:32 | Hessu · tribute_sent a jugador 1 |
| 48:32 | Hessu · tribute_sent a jugador 2 |
| 48:32 | Hessu · tribute_sent a jugador 3 |
| 48:32 | Hessu · tribute_sent a jugador 4 |
| 48:32 | Hessu · tribute_sent a jugador 5 |
| 48:32 | Hessu · tribute_sent a jugador 7 |
| 48:32 | Hessu · tribute_sent a jugador 8 |
| 49:54 | Optikor · first_building Siege Workshop |
| 52:17 | Hessu · first_market_sell 100 wood |
| 55:27 | Optikor · wall_segment Stone Wall x2 |
| 60:10 | Dukka · first_market_sell 100 food |
| 60:57 | Dukka · resign |
[ AI ANALYSIS · 1 CREDIT ]
What really happened in this match?
Wolo.gg analyzes every decision: build order, eco, micro, common mistakes by bracket. Personalized analysis on WhatsApp or Discord in 30 seconds.
Civ guide
Mongols
Perfil
Jugador #19217014